 Dungeon Crawl Stone Soup version 0.15.2 (webtiles) character file.

265 theanonym the Slasher (level 5, -6/30 HPs)
             Began as a High Elf Death Knight on Dec 6, 2018.
             Was a Priest of Yredelemnul.
             Killed from afar by Natasha (7 damage)
             ... with a magic dart
             ... on Level 3 of the Dungeon.
             The game lasted 00:09:47 (3975 turns).

theanonym the Slasher (High Elf Death Knight)       Turns: 3975, Time: 00:09:47

HP  -6/30        AC  7     Str 13      XL: 5   Next: 99%
MP   0/11        EV  5     Int 14      God: Yredelemnul [***...]
Gold 150         SH  0     Dex 15      Spells:  0 memorised,  4 levels left

rFire  . . .     SeeInvis .     a - +1 falchion
rCold  . . .     Clarity  .     n - +0 chain mail (curse)
rNeg   . . .     rCorr    .     (no shield)
rPois  .         rRot     .     (no helmet)
rElec  .         Spirit   +     (no cloak)
SustAb .         Warding  .     (no gloves)
rMut   .         Stasis   .     p - -2 pair of boots (curse)
Gourm  .                        m - amulet of guardian spirit
MR     .....                    (no ring)
                                (no ring)

@: very slightly contaminated, slowed, very slow, not resistant to hostile
enchantments, extremely unstealthy
A: frail 1, mutation resistance 1, slow healing 1
a: Animate Dead, Recall Undead Slaves, Injury Mirror, Renounce Religion


Innate Abilities, Weirdness & Mutations

You are frail (-10% HP).
You are somewhat resistant to further mutation.
You heal slowly when monsters are visible.


   Skills:
 - Level 2.0 Fighting
 + Level 7.6 Long Blades
 - Level 0.8 Armour
 - Level 1.1 Dodging
 - Level 3.0 Invocations


You had 4 spell levels left.
You didn't know any spells.

Action                   |  1- 3 |  4- 6 || total
-------------------------+-------+-------++-------
Melee: Falchion          |   137 |   127 ||   264
Invok: Animate Remains   |    18 |    11 ||    29
       Recall Undead Sla |       |     2 ||     2
  Use: Scroll            |     1 |     8 ||     9
       Potion            |       |     3 ||     3
  Eat: Bread ration      |     1 |     1 ||     2
       Chunk             |     1 |     1 ||     2

Inventory:

Hand weapons
 a - a +1 falchion (weapon)
Armour
 b - a +0 leather armour
 j - a +0 scale mail
   (You found it on level 2 of the Dungeon)
 n - a cursed +0 chain mail (worn)
   (You took it off an orc on level 3 of the Dungeon)
 p - a cursed -2 pair of boots (worn)
   (You found it on level 3 of the Dungeon)
Scrolls
 c - 2 scrolls of remove curse
 i - a scroll of magic mapping
Jewellery
 g - an uncursed amulet of inaccuracy
   (You found it on level 1 of the Dungeon)
 m - an amulet of guardian spirit (around neck)
   (You found it on level 3 of the Dungeon)
Potions
 o - a potion of restore abilities


You were on level 3 of the Dungeon.
You worshipped Yredelemnul.
Yredelemnul was most pleased with you.
You were very hungry.

You visited 1 branch of the dungeon, and saw 4 of its levels.

You collected 150 gold pieces.

Dungeon Overview and Level Annotations

Branches:
Dungeon (4/15)
 Temple: D:4-7

Altars:

Annotations:
D:3 Natasha; theanonym's ghost, average HEDK

.#....)#.######.##...##........##
.##...##.# #.###.#...........#
.###.###.# #.# #.#.#...##..... .#
#.# #.# #)# #.#W.....#..... ##
#.# #.## #.# #.#..........##
#.###..# #.# #.#......#.#.#
#....#.# #.# #.#.#...##.#>#
####.#.# #.###.#.#........# #.#.#
#.@.hW.....###.### #######.#.#
#####.#.##.# #.# ..ZZ......#
#...##.# #.# #######.###
##..##.###.## #.# #..##......#
##.# #..........# #..#
#.########.# #Z## #....# #.# #Z#
####.# #.#


You could see Natasha and theanonym's ghost.

Notes
Turn   | Place    | Note
--------------------------------------------------------------
     0 | D:1      | theanonym, the High Elf Death Knight, began the quest for the Orb.
     0 | D:1      | Reached XP level 1. HP: 14/14 MP: 3/3
   127 | D:1      | Reached skill level 3 in Long Blades
   133 | D:1      | DEFE: ??hight elf apt
   140 | D:1      | beem: I don't have a page labeled hight_elf_apt in my learndb.
   146 | D:1      | HP: 7/14 [giant gecko (1)]
   248 | D:1      | DEFE: ??hight elf
   321 | D:1      | beem: hight elf ~ high elf[1/3]: Tolkien elves. That is, they are better than you are. For apts, "!apt HE". 4MR/XL.
   348 | D:1      | DEFE: !apt HE
   348 | D:1      | Reached XP level 2. HP: 16/19 MP: 4/4
   350 | D:1      | beem: HE: Fighting: N/A, Short: N/A, Long: N/A, Axes: N/A, Maces: N/A, Polearms: N/A, Staves: N/A, Slings: N/A, Bows: N/A, Xbows: N/A, Throw: N/A, Armour: N/A, Dodge: N/A, Stealth: N/A, Shields: N/A, UC: N/A, Splcast: N/A, Conj: N/A, Hexes: N/A, Charms: N/A, Summ: N/A, Nec: N/A, Tloc: N/A, Tmut: N/A, Fire: N/A, Ice: N/A, Air: N/A, Earth: N/A, Poison: N/A, Inv: N/A, Evo: N/A, Exp: N/A, HP: N/A, MP: N/A
   365 | D:1      | DEFE: lol
   371 | D:1      | theanonym: мечи+2 лук+3
   371 | D:1      | DEFE: ага
   371 | D:1      | DEFE: и ножи
   371 | D:1      | DEFE: палки еще норм
   477 | D:1      | HP: 8/19 [kobold (2)]
   558 | D:1      | HP: 8/19 [bat (1)]
   851 | D:1      | theanonym: я смотрел в основном магами играли
   851 | D:1      | theanonym: !lg * win he s=class -graph:pie
   851 | D:1      | beem: 1659 games for * (win he): https://shalott.org/graphs/b976c3ed1013aa46110f757749badb405ea10077.html
  1058 | D:1      | HP: 7/19 [kobold/dagger (4)]
  1072 | D:1      | HP: 5/19 [rat (1)]
  1259 | D:1      | Reached skill level 4 in Long Blades
  1410 | D:1      | DEFE: ну у меня есть победа HEFi
  1556 | D:2      | Reached XP level 3. HP: 21/24 MP: 7/7
  1609 | D:2      | Acquired Yredelemnul's second power
  1869 | D:2      | DEFE: https://crawl.xtahua.com/crawl/morgue/DEFE/morgue-DEFE-20151216-143336.txt
  1909 | D:2      | Reached skill level 5 in Long Blades
  2101 | D:3      | Noticed theanonym's ghost (average HEDK)
  2209 | D:3      | theanonym: HEDK уникальная полностью мёртвая комба которую ещё можно сделать
  2209 | D:3      | theanonym: ещё класс Healer
  2243 | D:3      | HP: 11/24 [hobgoblin/club (4)]
  2253 | D:3      | HP: 8/24 [giant frog skeleton (1)]
  2256 | D:3      | HP: 2/24 [giant frog skeleton (4)]
  2259 | D:3      | DEFE: lol
  2260 | D:3      | DEFE: HEHe
  2260 | D:3      | Reached XP level 4. HP: 2/29 MP: 6/9
  2973 | D:3      | HP: 12/29 [theanonym's ghost (7)]
  3177 | D:4      | Reached skill level 6 in Long Blades
  3182 | D:4      | Reached XP level 5. HP: 34/34 MP: 11/11
  3201 | D:4      | Noticed Natasha
  3211 | D:4      | HP: 17/34 [Natasha (1)]
  3215 | D:4      | Killed Natasha
  3355 | D:4      | Noticed Natasha
  3363 | D:4      | Killed Natasha
  3404 | D:4      | Reached skill level 7 in Long Blades
  3513 | D:4      | HP: 17/34 [poisoned by a worker ant]
  3515 | D:4      | HP: 7/34 [worker ant (4)]
  3520 | D:4      | HP: 5/34 [poisoned by a worker ant]
  3528 | D:4      | HP: 4/34 [poisoned by a worker ant]
  3589 | D:4      | Noticed an ice beast
  3629 | D:3      | HP: 13/34 [hobgoblin (2)]
  3634 | D:3      | HP: 10/34 [hobgoblin (2)]
  3898 | D:4      | HP: 15/34 [orc (3)]
  3906 | D:4      | HP: 8/34 [orc (3)]
  3954 | D:4      | Noticed Natasha
  3955 | D:4      | Acquired Yredelemnul's third power
  3959 | D:4      | Gained mutation: You are frail (-10% HP). [potion of mutation]
  3959 | D:4      | Gained mutation: You are somewhat resistant to further mutation. [potion of mutation]
  3959 | D:4      | Gained mutation: You heal slowly when monsters are visible. [potion of mutation]
  3965 | D:4      | HP: 10/30 [Natasha/magic dart (3)]
  3968 | D:3      | HP: 3/30 [Natasha (4)]
  3973 | D:3      | HP: 1/30 [Natasha (1)]
  3975 | D:3      | Killed from afar by Natasha

Vanquished Creatures
  An orc wizard (D:4)
  A centaur skeleton (D:4)
  A hound (D:4)
  Natasha (twice) (D:4)
  A worker ant (D:4)
  2 adders
  A giant mite (D:2)
  A worm (D:2)
  12 orcs
  A ball python (D:2)
  A giant cockroach (D:2)
  8 hobgoblins
  A quokka (D:3)
  8 bats
  4 giant geckos
  3 giant newts
  7 goblins
  9 kobolds
  8 rats
  A rat skeleton (D:4)
73 creatures vanquished.

Vanquished Creatures (collateral kills)
  A giant frog skeleton (D:3)
  3 orcs
  A hobgoblin (D:3)
  2 kobolds (D:1)
  A quokka (D:2)
  A goblin (D:1)
  A rat (D:1)
10 creatures vanquished.

Vanquished Creatures (others)
  An adder zombie (D:3)
  3 bat zombies
  A giant gecko zombie (D:3)
  A giant newt zombie (D:3)
  A goblin zombie (D:3)
  A kobold zombie (D:3)
  5 orc zombies (D:3)
  A quokka zombie (D:3)
  2 rat zombies
16 creatures vanquished.

Grand Total: 99 creatures vanquished

Table legend:
 A = Turns spent in this place as a percentage of turns spent in the entire game.
 B = Non-inter-level travel turns spent in this place as a percentage of non-inter-level travel turns spent in the entire game.
 C = Inter-level travel turns spent in this place as a percentage of turns spent in this place.
 D = Turns resting spent in this place as a percentage of non-inter-level travel turns spent in this place.
 E = Turns spent auto-exploring this place as a percentage of non-inter-level travel turns spent in this place.
 F = Non-inter-level travel turns spent in this place divided by the number of levels of this place that you've seen.
                   A       B       C       D       E      F
               +-------+-------+-------+-------+-------+----------------------
         Total | 100.0 | 100.0 |   0.8 |   5.7 |  10.3 | 263.0
       Dungeon | 100.0 | 100.0 |   0.8 |   5.7 |  10.3 | 263.0
               +-------+-------+-------+-------+-------+----------------------
